 Dungeon Crawl Stone Soup version 0.28-a0-1493-g08698888e4 (webtiles) character file.

Game seed: 8174267902712227981

11 lonewolfV2 the Covered (level 2, 0/27 HPs)
             Began as a Minotaur Fighter on Jan 12, 2022.
             Succumbed to a kobold's poison
             ... on level 1 of the Dungeon.
             The game lasted 00:01:30 (852 turns).

lonewolfV2 the Covered (Minotaur Fighter)            Turns: 852, Time: 00:01:31

Health: 0/27       AC:  7    Str: 20    XL:     2   Next: 13%
Magic:  1/1        EV:  9    Int:  5    God:
Gold:   4          SH:  4    Dex:  9    Spells: 1/1 levels left

rFire   . . .      SeeInvis .   a - +0 war axe
rCold   . . .      Faith    .   c - +0 buckler
rNeg    . . .      Spirit   .   b - +0 scale mail
rPois   .          Reflect  .   (helmet restricted)
rElec   .          Harm     .   (no cloak)
rCorr   .          Rampage  .   (no gloves)
Will    .....                   (no boots)
Stlth   ..........              (no amulet)
HPRegen 0.09/turn               (no ring)
MPRegen 0.07/turn               (no ring)

@: lethally poisoned (0 -> -3)
A: horns 2, retaliatory headbutt
a: no special abilities


You were on level 1 of the Dungeon.
You visited 1 branch of the dungeon, and saw 1 of its levels.

You collected 4 gold pieces.

Inventory:

Hand Weapons
 a - a +0 war axe (weapon)
Armour
 b - a +0 scale mail (worn)
 c - a +0 buckler (worn)
Potions
 d - a potion of might


   Skills:
 + Level 3.7 Fighting
 + Level 2.5 Axes
 + Level 4.0 Armour
 + Level 0.3 Dodging
 + Level 3.8 Shields


You had one spell level left.
You didn't know any spells.
Your spell library was empty.

Dungeon Overview and Level Annotations

Branches:
Dungeon (1/15)

Altars:


Innate Abilities, Weirdness & Mutations

You have a pair of horns on your head.
You reflexively headbutt those who attack you in melee.


Message History

There is a stone staircase leading down here.
An endoplasm comes into view.
The endoplasm quivers.
A rat comes into view.
You block the kobold's attack.
You closely miss the kobold. Your headbutt misses the kobold.
The kobold hits you but does no damage.
You are poisoned.
The kobold hits you with a +1 dagger of venom.
You are more poisoned.
An endoplasm comes into view.
You hit the kobold but do no damage.
You feel very sick.
The kobold hits you with a +1 dagger of venom.
You are lethally poisoned!
You hit the kobold but do no damage.
You feel very sick. The kobold hits you but does no damage.
The kobold closely misses you.
You closely miss the kobold.
You headbutt the kobold, but do no damage.
You feel very sick. The kobold barely misses you. You furiously retaliate!
You headbutt the kobold!
You kill the kobold!
* * * LOW HITPOINT WARNING * * *
You feel very sick.
* * * LOW HITPOINT WARNING * * *
You feel sick.
There is a stone staircase leading down here.
You miss the kobold.
* * * LOW HITPOINT WARNING * * *
You feel sick. The kobold hits you with a +0 club.
* * * LOW HITPOINT WARNING * * *
The kobold completely misses you.
You slash the kobold!
You kill the kobold!
* * * LOW HITPOINT WARNING * * *
You feel sick.
You slash the endoplasm!
You kill the endoplasm!
You die...

......' . #.....#
....... # #.....#
....... # .....
....... # .J.
.......#### #)#
.B....#... #r#
......#.#.
#)#######...8.8##.
#@...†...8)....##. #
########.......#..
#.########.......#..
#................#..
####....###.)....#..
#....# #......#..
#....####...÷_#..
#......########..
##......##..#.....


You could see an endoplasm and a rat.

Vanquished Creatures
  3 bats (D:1)
  2 endoplasms (D:1)
  A giant cockroach (D:1)
  A goblin (D:1)
  5 kobolds (D:1)
12 creatures vanquished.

Notes
Turn   | Place    | Note
-------+----------+-------------------------------------------
     0 | D:1      | lonewolfV2 the Minotaur Fighter began the quest for the
                  | Orb.
     0 | D:1      | Reached XP level 1. HP: 19/19 MP: 0/0
   802 | D:1      | Found a faded altar of an unknown god.
   839 | D:1      | Reached skill level 4 in Armour
   839 | D:1      | Reached XP level 2. HP: 27/27 MP: 1/1
   851 | D:1      | HP: 1/27 [poisoned by a kobold]
   852 | D:1      | Succumbed to a kobold's poison

Illustrated notes

Levels and vault maps discovered:
D:1:      evilmike_arrival_crescent, layout_basic,
          shapermc_ecumenical_altar_pompeii

Skill      XL: |  1 |
---------------+----+-----
Armour         | 4 |  4.0
Fighting       | |  3.7
Axes           | |  2.5
Dodging        | |  0.3
Shields        | |  3.8

Action                   || total
-------------------------++-------
Melee: War axe           ||    27
       Headbutt          ||     4
Armor: Scale mail        ||    18
Dodge: Dodged            ||    12
Block: Buckler           ||    10

Table legend: (Time is in decaauts)
 A = Elapsed time spent in this place.
 B = Non-inter-level travel time spent in this place.
 C = Inter-level travel time spent in this place.
 D = Time resting spent in this place.
 E = Time spent auto-exploring this place.
 F = Levels seen in this place.
 G = Mean time per level.
                   A        B        C        D        E       F      G
               +--------+--------+--------+--------+--------+-----+--------+
         Total |    863 |    863 |      0 |    295 |    475 |   1 |  863.0 |
       Dungeon |    863 |    863 |      0 |    295 |    475 |   1 |  863.0 |
               +--------+--------+--------+--------+--------+-----+--------+

Top non-repeatable levels by time:
     D:1: 863 daAuts
